 Dungeon Crawl Stone Soup version 0.29.0-4-gdea44cf6ec (webtiles) character file.

Game seed: 4601640739528418354

65 qw the Chopper (level 4, 0/26 HPs)
             Began as a Tengu Warper on Aug 28, 2022.
             Succumbed to an adder's poison
             ... on level 2 of the Dungeon.
             The game lasted 00:00:08 (1586 turns).

qw the Chopper (Tengu Warper)                       Turns: 1586, Time: 00:00:09

Health: 0/26       AC:  3    Str: 13    XL:     4   Next: 14%
Magic:  8/8        EV: 12    Int: 13    God:
Gold:   13         SH:  0    Dex: 14    Spells: 7/7 levels left

rFire   . . .      SeeInvis .   Y - +0 hand axe
rCold   . . .      Faith    .   (no shield)
rNeg    . . .      Spirit   .   b - +0 leather armour
rPois   .          Reflect  .   (helmet restricted)
rElec   .          Harm     .   (no cloak)
rCorr   .          Rampage  .   (no gloves)
Will    .....                   (boots unavailable)
Stlth   +.........              (no amulet)
HPRegen 0.08/turn               (no ring)
MPRegen 0.11/turn               (no ring)

@: lethally poisoned (0 -> -7)
A: beak, talons 3
a: no special abilities


You were on level 2 of the Dungeon.
You visited 1 branch of the dungeon, and saw 2 of its levels.

You collected 13 gold pieces.


Innate Abilities, Weirdness & Mutations

You have a beak for a mouth.
You have claws for feet.


   Skills:
 - Level 2.0 Fighting
 + Level 4.7 Axes
 - Level 1.0 Throwing
 - Level 1.1 Armour
 - Level 2.1 Dodging
 - Level 2.0 Spellcasting
 - Level 2.4 Translocations


You had 7 spell levels left.
You didn't know any spells.
Your spell library contained the following spells:

 Spells                   Type           Power      Damage    Failure   Level
 Blink                    Tloc           14%        N/A       19%         2
 Gell's Gravitas          Tloc           7%         N/A       36%         3
 Lesser Beckoning         Tloc           7%         N/A       36%         3
 Teleport Other           Tloc           7%         N/A       36%         3
 Manifold Assault         Tloc           7%         N/A       98%         5

Inventory:

Hand Weapons
 c - a +0 mace
 Y - a +0 hand axe (weapon)
Armour
 b - a +0 leather armour (worn)
 d - a +0 plate armour
Jewellery
 a - an amulet of magic regeneration
Scrolls
 f - a scroll of identify {unknown}
Potions
 e - a potion of attraction {unknown}
 g - a potion of brilliance {unknown}
 h - a potion of berserk rage {unknown}
 i - a potion of curing {unknown}

Dungeon Overview and Level Annotations

Branches:
Dungeon (2/15)

Altars:

Shops:
D:1 [   D:2 =


Message History

You miss the adder. You peck the adder.
The adder is lightly wounded.
The adder bites you.
You barely miss the adder. You claw the adder, but do no damage.
The adder is lightly wounded.
The adder bites you.
You are poisoned.
The adder poisons you! The adder bites you but does no damage.
You closely miss the adder.
The adder is lightly wounded.
You feel sick. The adder bites you but does no damage.
You miss the adder. Your peck misses the adder.
The adder is lightly wounded.
You feel sick. The adder misses you.
You hit the adder. You peck the adder.
The adder is severely wounded.
You feel sick.
You are no longer poisoned.
The adder closely misses you. The adder bites you but does no damage.
You hit the adder but do no damage.
The adder is severely wounded.
The adder closely misses you.
You closely miss the adder. Your peck misses the adder.
The adder is severely wounded.
The adder bites you.
You are poisoned.
The adder poisons you!
You hit the adder.
The adder is almost dead.
You feel sick. The adder bites you. x2
You are lethally poisoned!
The adder poisons you!
You hit the adder.
You kill the adder!
You feel very sick.
You have reached level 4!
You feel agile.
There is a lethal amount of poison in your body!
You feel sick.
There is a lethal amount of poison in your body!
You die...

..+.... ###.# #####.#
##############.....#
+......%...........#
#.############..)%.# .
+............'......
....#..#.#########.....#
#...%@..#......'.....#
#....$#....#####.....#
#.....# ##.#.........#
###..## #.##......# ...#
#....####.# ###.#
#.........# #.#
#.......... #.
............#
#.........#.#


There were no monsters in sight!

Vanquished Creatures
  2 adders (D:2)
  An ufetubus (D:2)
  5 ball pythons
  2 endoplasms
  A giant cockroach (D:1)
  4 goblins (D:1)
  2 hobgoblins
  4 jackals (D:1)
  2 quokkas (D:1)
  4 bats
  5 frilled lizards (D:1)
  3 kobolds
  5 rats
40 creatures vanquished.

Notes
Turn   | Place    | Note
-------+----------+-------------------------------------------
     0 | D:1      | qw the Tengu Warper began the quest for the Orb.
     0 | D:1      | Reached XP level 1. HP: 12/12 MP: 4/4
     0 | D:1      | 0 ||| qw: Version: 0.1-a-89-g26bdef1
     0 | D:1      | 0 ||| qw: Game counter: 3124
     0 | D:1      | 0 ||| qw: Always use a shield: true
     0 | D:1      | 0 ||| qw: God list: Okawaru
     0 | D:1      | 0 ||| qw: Allow faded altars: false
     0 | D:1      | 0 ||| qw: Do Orc after D:15 true
     0 | D:1      | 0 ||| qw: Do second Lair branch before Depths: true
     0 | D:1      | 0 ||| qw: Lair rune preference: random
     0 | D:1      | 0 ||| qw: Plans: Normal
     0 | D:1      | 0 ||| PLANNING D:1-11
    23 | D:1      | 23 ||| Stepping ~*~*~tactically~*~*~ (stealth).
    25 | D:1      | 25 ||| Stepping ~*~*~tactically~*~*~ (stealth).
    33 | D:1      | 33 ||| Stepping ~*~*~tactically~*~*~ (stealth).
   150 | D:1      | Found Kuirom's Armour Boutique.
   158 | D:1      | Reached XP level 2. HP: 13/17 MP: 6/6
   159 | D:1      | Reached skill level 3 in Axes
   266 | D:1      | 266 ||| SHOPLISTING +0 buckler (54 gold, have 3).
   266 | D:1      | 266 ||| SHOPLISTING +0 ring mail (48 gold, have 3).
   266 | D:1      | 266 ||| SHOPLISTING +2 robe of willpower (212 gold, have
                  | 3).
   266 | D:1      | 266 ||| SHOPLISTING +3 chain mail of positive energy (282
                  | gold, have 3).
   266 | D:1      | 266 ||| SHOPLISTING +3 warlock's mirror {reflect} (480
                  | gold, have 3).
   266 | D:1      | 266 ||| SHOPLISTING scarf of resistance (384 gold, have 3).
   491 | D:1      | Reached XP level 3. HP: 12/21 MP: 7/7
   653 | D:1      | 653 ||| Stepping ~*~*~tactically~*~*~ (stealth).
   656 | D:1      | 656 ||| Stepping ~*~*~tactically~*~*~ (stealth).
   659 | D:1      | 659 ||| Stepping ~*~*~tactically~*~*~ (stealth).
   660 | D:1      | 660 ||| Stepping ~*~*~tactically~*~*~ (stealth).
   671 | D:1      | Reached skill level 4 in Axes
   968 | D:1      | 968 ||| READING scroll labelled BAUXORU ITZUFORPH.
   969 | D:1      | 969 ||| DROPPING scroll of blinking.
  1154 | D:2      | 1154 ||| Stepping ~*~*~tactically~*~*~ (stealth).
  1160 | D:2      | Found Cooghunu's Jewellery Shop.
  1171 | D:2      | 1171 ||| SHOPLISTING amulet of regeneration (390 gold, have
                  | 13).
  1171 | D:2      | 1171 ||| SHOPLISTING ring "Lyraem" {Ice rCorr Str+3} (570
                  | gold, have 13).
  1171 | D:2      | 1171 ||| SHOPLISTING ring of Jegab {*Corrode rF+++ MP+9
                  | Str+6 Dex+5} (1315 gold, have 13).
  1171 | D:2      | 1171 ||| SHOPLISTING ring of protection from cold (325
                  | gold, have 13).
  1171 | D:2      | 1171 ||| DROPPING +0 club.
  1583 | D:2      | HP: 5/21 [adder (2)]
  1584 | D:2      | HP: 2/21 [poisoned by an adder]
  1585 | D:2      | Reached XP level 4. HP: 3/26 MP: 8/8
  1586 | D:2      | Succumbed to an adder's poison

Levels and vault maps discovered:
D:1:      arrival_zaba_pyramid, layout_rooms, serial_shops, shop
D:2:      layout_basic, shapermc_ecumenical_altar_pompeii, serial_shops,
          nicolae_shop_crystal, uniq_robin, uniq_terence

Skill      XL: |  1  2  3 |
---------------+----------+-----
Axes           | 3 4 |  4.7
Fighting       | |  2.0
Throwing       | |  1.0
Armour         | |  1.1
Dodging        | |  2.1
Spellcasting   | |  2.0
Translocations | |  2.4

Action                   |  1- 3 |  4- 6 || total
-------------------------+-------+-------++-------
Melee: Hand axe          |    89 |       ||    89
       Punch             |     3 |       ||     3
       Kick              |    12 |       ||    12
       Peck              |     9 |       ||     9
Throw: Boomerang         |     7 |       ||     7
  Use: Scroll            |     1 |       ||     1
Armor: Leather armour    |    23 |       ||    23
Dodge: Dodged            |    55 |       ||    55

Table legend:
 A = Non-vault XP
 B = Vault XP
 C = Vault XP percentage of total XP
 D = Non-vault monster count
 E = Vault monster count
 F = Vault count percentage of total count
                 A         B        C        D         E       F
            +---------+---------+-------+---------+---------+-------
      Total |      94 |       0 |   0.0 |      40 |       0 |   0.0
            +---------+---------+-------+---------+---------+-------
        D:1 |      48 |       0 |   0.0 |      30 |       0 |   0.0
        D:2 |      46 |       0 |   0.0 |      10 |       0 |   0.0
            +---------+---------+-------+---------+---------+-------
